 Dungeon Crawl Stone Soup version 0.30-a0-824-g6c64550be9 (webtiles) character file.

Game seed: 3795328626839690189

44 Newt the Shooter (level 3, 0/24 HPs)
             Began as a Kobold Hunter on Feb 27, 2023.
             Slain by a gnoll
             ... wielding a +0 whip of freezing
              (7 damage)
             ... on level 2 of the Dungeon.
             The game lasted 00:01:01 (1119 turns).

Newt the Shooter (Kobold Hunter)                    Turns: 1119, Time: 00:01:02

Health: 0/24       AC:  3    Str:  8    XL:     3   Next: 85%
Magic:  3/3        EV: 14    Int: 10    God:
Gold:   41         SH:  0    Dex: 20    Spells: 2/2 levels left

rFire   . . .      SeeInvis .    a - +1 shortbow
rCold   . . .      Faith    .    (shield currently unavailable)
rNeg    . . .      Spirit   .    c - +0 leather armour
rPois   .          Reflect  .    (no helmet)
rElec   .          Harm     .    (no cloak)
rCorr   .          Rampage  .    (no gloves)
Will    .....                    (no boots)
Stlth   +++                      (no amulet)
HPRegen 0.24/turn                (no ring)
MPRegen 0.08/turn                (no ring)

@: no status effects
A: small, no large weapons, nightstalker 3
a: no special abilities


You were on level 2 of the Dungeon.
You visited 1 branch of the dungeon, and saw 2 of its levels.

You collected 41 gold pieces.

Inventory:

Hand Weapons
 a - a +1 shortbow (weapon)
Armour
 c - a +0 leather armour (worn)
 d - the +3 buckler "Duddid" {*Slow Dex+8 Slay+2}
   (You acquired it on level 2 of the Dungeon)

   Dex:       It affects your dexterity (+8).
   Slay:      It affects your accuracy & damage with ranged weapons and melee
   (+2).
   *Slow:     It may slow you when you take damage.
Scrolls
 b - a scroll of immolation
Potions
 g - a potion of flight
 h - a potion of brilliance
 j - a potion of curing {unknown}


   Skills:
 + Level 4.2 Fighting
 - Level 5.3 Ranged Weapons
 - Level 2.4 Dodging
 - Level 1.3 Stealth


You had 2 spell levels left.
You didn't know any spells.
Your spell library contained the following spells:

 Spells                   Type           Power      Damage    Failure   Level
 Summon Small Mammal      Summ           0%         N/A       50%         1
 Call Canine Familiar     Summ           0%         N/A       86%         3
 Summon Guardian Golem    Hex/Summ       0%         N/A       86%         3


Dungeon Overview and Level Annotations

Branches:
Dungeon (2/15)

Altars:


Innate Abilities, Weirdness & Mutations

You are small and have problems with some larger weapons.
You are completely attuned to the shadows.


Message History

It is a scroll of enchant weapon.
Your +0 shortbow glows red for a moment. 2 gnolls come into view.
There are monsters nearby!
There are monsters nearby!
You shoot an arrow. The arrow completely misses the gnoll.
The gnoll shouts! x2; You hear a shout!
A gnoll comes into view. It is wielding a +0 whip of freezing.
You shoot an arrow. The arrow barely misses the gnoll.
The arrow hits the gnoll.
The gnoll is lightly wounded.
A bat comes into view.
A gnoll comes into view. It is wielding a +0 spear.
The bat moves out of view.
A ball python comes into view.
The ball python moves out of view.
You shoot an arrow. The arrow hits the gnoll.
The gnoll is heavily wounded.
You hear an angry hiss.
You shoot an arrow. The arrow hits the gnoll.
The gnoll is almost dead.
The gnoll closely misses you. The gnoll misses you.
You shoot an arrow. The arrow hits the gnoll.
You kill the gnoll!
The gnoll hits you from afar with a +0 spear.
The gnoll attacks as you move away!
The gnoll hits you with a +0 whip of freezing.
The gnoll freezes you. The gnoll attacks as you move away!
The gnoll closely misses you. The gnoll attacks as you move away!
The gnoll barely misses you.
You shoot an arrow. The arrow hits the gnoll.
The gnoll is lightly wounded.
The gnoll hits you with a +0 whip of freezing.
The gnoll freezes you. The gnoll closely misses you.
The gnoll hits you from afar with a +0 spear.
* * * LOW HITPOINT WARNING * * *
The gnoll attacks as you move away! The gnoll barely misses you.
The gnoll attacks as you move away!
The gnoll hits you with a +0 whip of freezing!
You die...

#...)...# #. ####.####
#. ##.## #. #...# #.
#### #..)# #####. ..#
#...# #.....
#.##>#####...###.####
#.##.#............... #
#..S@..............##
#.##.##g#...........#..†
#.....g.###.#...#...####
####g#### #.#...#.......
.g#######.#
#.#...#.######
#....##..S# #.#...#.# #
#g#.##g#.# #.#...#.# ##
#...##)#.#
#....<..#####.
#gg.....####
###......#....


You could see 2 gnolls and a ball python.

Vanquished Creatures
  A gnoll (D:2)
  4 ball pythons (D:1)
  2 bats (D:2)
  An endoplasm (D:2)
  2 giant cockroaches (D:1)
  3 goblins
  4 hobgoblins (D:1)
  3 quokkas
  11 frilled lizards
  A kobold (D:1)
  2 rats (D:1)
34 creatures vanquished.

Vanquished Creatures (others)
  4 plants (D:1)
4 creatures vanquished.

Grand Total: 38 creatures vanquished

Notes
Turn   | Place    | Note
-------+----------+-------------------------------------------
     0 | D:1      | Newt the Kobold Hunter began the quest for the Orb.
     0 | D:1      | Reached XP level 1. HP: 12/12 MP: 1/1
   170 | D:1      | Reached XP level 2. HP: 18/18 MP: 2/2
   418 | D:1      | Reached XP level 3. HP: 18/23 MP: 3/3
   475 | D:1      | Found a faded altar of an unknown god.
  1068 | D:2      | Identified a scroll of acquirement
  1068 | D:2      | Acquired the +3 buckler "Duddid" {*Slow Dex+8 Slay+2}
  1119 | D:2      | Slain by a gnoll

Illustrated notes

Levels and vault maps discovered:
D:1:      shiori_shiawase, layout_loops_ring,
          dreamdust_ecumenical_altar_sealed_demon, minmay_lizard_king
D:2:      layout_loops_cross, minmay_randomly_rotated_circles,
          uniq_crazy_yiuf_cottage

Skill      XL: |  1  2  3 |
---------------+----------+-----
Fighting       | 3 4 |  4.2
Ranged Weapons | |  5.3
Dodging        | |  2.4
Stealth        | |  1.3

Action                     || total
---------------------------++-------
   Fire: Shortbow          ||    75
    Use: Scroll            ||     7
 Armour: Leather armour    ||     6
  Dodge: Dodged            ||    36

Table legend: (Time is in decaauts)
 A = Elapsed time spent in this place.
 B = Non-inter-level travel time spent in this place.
 C = Inter-level travel time spent in this place.
 D = Time resting spent in this place.
 E = Time spent auto-exploring this place.
 F = Levels seen in this place.
 G = Mean time per level.
                   A        B        C        D        E       F      G
               +--------+--------+--------+--------+--------+-----+--------+
         Total |   1140 |   1129 |     11 |     43 |    926 |   2 |  570.0 |
       Dungeon |   1140 |   1129 |     11 |     43 |    926 |   2 |  570.0 |
               +--------+--------+--------+--------+--------+-----+--------+

Top non-repeatable levels by time:
     D:1: 849 daAuts
     D:2: 291 daAuts
